 Dungeon Sprint DCSS version 0.19.1 (webtiles) character file.

463 blodskaal the Fighter (level 6, -18/71 HPs)
             Began as a Minotaur Abyssal Knight on Dec 9, 2016.
             Was a Believer of Lugonu.
             Demolished by a tyrant leech (23 damage)
             ... in the Dungeon (Sprint II: "The Violet Keep of Menkaure").
             The game lasted 00:04:13 (575 turns).

blodskaal the Fighter (Minotaur Abyssal Knight)      Turns: 575, Time: 00:04:15

Health: -18/71     AC:  4    Str: 17    XL:     6   Next: 79%
Magic:  8/8        EV: 12    Int:  9    God:    Lugonu [**....]
Gold:   0          SH:  0    Dex: 11    Spells: 0 memorised, 5 levels left

rFire  . . .     SeeInvis .     a - +1 spear
rCold  . . .     Gourm    .     b - +0 leather armour
rNeg   . . .     Faith    .     (no shield)
rPois  .         Spirit   .     (helmet restricted)
rElec  .         Reflect  .     (no cloak)
rCorr  .         Harm     .     (no gloves)
MR     .....     NoTele   +     (no boots)
Stlth  +.........               (no amulet)
                                (no ring)
                                (no ring)

@: no status effects
A: retaliatory headbutt, horns 2
a: Bend Space, Renounce Religion


You were in the Dungeon.
You worshipped Lugonu.
Lugonu was pleased with you.
You were not hungry.

You visited 1 branch

Inventory:

Hand Weapons
 a - a +1 spear (weapon)
Armour
 b - a +0 leather armour (worn)
Scrolls
 i - a scroll of blinking
Potions
 d - a potion of curing
 g - 2 potions of magic
Comestibles
 c - a bread ration


   Skills:
 + Level 12.5 Fighting
 + Level 8.4 Polearms
 + Level 7.3 Armour
 + Level 2.3 Dodging
 + Level 5.1 Invocations


You had 5 spell levels left.
You didn't know any spells.

Dungeon Overview and Level Annotations

Branches:
Dungeon (1/1)

Altars:

Shops:
D }=:(%?(:[=!%}[[!

Annotations:
D exclusion: oklob plant


Innate Abilities, Weirdness & Mutations

You reflexively headbutt those who attack you in melee.
You have a pair of horns on your head.


Message History

You hit the tyrant leech.
The tyrant leech is lightly wounded.
You barely miss the tyrant leech.
The tyrant leech is lightly wounded.
The tyrant leech closely misses you.
You closely miss the tyrant leech. You headbutt the tyrant leech!
The tyrant leech is moderately wounded.
You barely miss the tyrant leech.
The tyrant leech is moderately wounded.
The tyrant leech bites you!!
* * * LOW HITPOINT WARNING * * *
The tyrant leech draws strength from your injuries!
There is an open door, spattered with blood here.
You miss the tyrant leech. Your headbutt misses the tyrant leech.
The tyrant leech is moderately wounded.
The tyrant leech bites you!
* * * LOW HITPOINT WARNING * * *
The tyrant leech draws strength from your injuries!
The tyrant leech bites you!!
You die...

####+#### ##≈§§§≈§§##
##§≈§§§§§§§##
+≈§§§§8≈§§§§#
###≈§§≈§§§§§
#≈##≈§§≈≈§
##########≈≈#§'§#+++##
#########≈≈≈..§w.....#
........#≈≈≈≈.##@##..#
...⌠....#≈≈≈≈##$#w# .#
..∩.∩...#≈≈≈≈#.. ..#
.. .∩.∩.∩..#≈≈####.
.## ..
∩.∩.∩.∩.#≈##.###+## ..
.∩...∩.∩#≈#.#.##.## .
∩.....∩.'≈'###'.<.+
.......∩#≈#$#.##.##
▓▓▓▓▓▓###≈##.# #+#


You could see an obsidian statue and 2 tyrant leeches.

Vanquished Creatures
  2 hippogriffs (D)
  Menkaure (D)
3 creatures vanquished.

Vanquished Creatures (others)
  A crocodile (D)
1 creature vanquished.

Grand Total: 4 creatures vanquished

Notes
Turn   | Place    | Note
-------+----------+-------------------------------------------
     0 | D        | blodskaal the Minotaur Abyssal Knight began the quest for the Orb.
     0 | D        | Reached XP level 1. HP: 19/19 MP: 1/1
     1 | D        | Noticed a hippogriff
     1 | D        | Noticed a hippogriff
     7 | D        | Killed a hippogriff
     7 | D        | Reached skill level 9 in Fighting
     7 | D        | Reached skill level 5 in Armour
     7 | D        | Reached XP level 2. HP: 27/38 MP: 2/4
     7 | D        | Reached XP level 3. HP: 32/45 MP: 2/5
     7 | D        | Reached XP level 4. HP: 36/51 MP: 2/6
     7 | D        | Reached XP level 5. HP: 41/58 MP: 2/7
    10 | D        | Killed a hippogriff
    10 | D        | Reached ** piety under Lugonu
    10 | D        | Reached skill level 11 in Fighting
    10 | D        | Reached XP level 6. HP: 45/69 MP: 2/8
   186 | D        | Found Loham's Distillery.
   187 | D        | Found Boyshreadip's Antique Armour Boutique.
   187 | D        | Found Taniqom's Food Shop.
   187 | D        | Found Doushrate's Gadget Shop.
   187 | D        | Found Haddis's Jewellery Boutique.
   187 | D        | Found Conudo's Distillery.
   187 | D        | Found Xidor's Book Shop.
   187 | D        | Found Zebb's Armour Shop.
   188 | D        | Found Meanas's Antique Weapon Shop.
   188 | D        | Found Sudec's Magic Scroll Boutique.
   189 | D        | Found Jamae's Antique Armour Boutique.
   190 | D        | Found Gonus's Food Shop.
   190 | D        | Found Fopeozxyss's Antique Weapon Boutique.
   190 | D        | Noticed Menkaure
   190 | D        | Noticed a fire dragon
   190 | D        | Noticed an oklob plant
   191 | D        | Found Nuisan's Jewellery Shop.
   191 | D        | Found Vewumme's Gadget Boutique.
   191 | D        | Found Foej's Book Shoppe.
   191 | D        | Noticed a shining eye
   192 | D        | Noticed a shining eye
   193 | D        | Noticed a shining eye
   195 | D        | Noticed a wyvern
   197 | D        | Noticed a wyvern
   220 | D        | Killed Menkaure
   220 | D        | Reached skill level 12 in Fighting
   220 | D        | Reached skill level 5 in Invocations
   558 | D        | Noticed an obsidian statue
   564 | D        | Noticed a tyrant leech
   564 | D        | Noticed a tyrant leech
   575 | D        | Demolished by a tyrant leech

Skill      XL: |  1  2  3  4  5  6 |
---------------+-------------------+-----
Fighting       | 9 11 12 | 12.5
Polearms       | 6 7 8 |  8.4
Armour         | 5 6 7 |  7.3
Invocations    | 4 5 |  5.1
Dodging        | 2 |  2.3

Action                   |  1- 3 |  4- 6 || total
-------------------------+-------+-------++-------
Melee: Spear             |     5 |    23 ||    28
       Headbutt          |     1 |     4 ||     5
Invok: Bend Space        |       |     1 ||     1
  Use: Potion            |     1 |     2 ||     3
Armor: Leather armour    |     1 |       ||     1
Dodge: Dodged            |     3 |     6 ||     9
